 Dungeon Crawl Stone Soup version 0.29.1-15-g9cfb28693d (webtiles) character file.

Game seed: 1288422382737260278

268 Peloso the Covered (level 6, -6/53 HPs)
             Began as a Minotaur Fighter on Mar 15, 2023.
             Blown up by Pikel (14 damage)
             ... with a mindburst bolt
             ... on level 4 of the Dungeon.
             The game lasted 00:04:57 (3206 turns).

Peloso the Covered (Minotaur Fighter)               Turns: 3206, Time: 00:04:57

Health: -6/53      AC:  9    Str: 20    XL:     6   Next: 1%
Magic:  5/5        EV:  7    Int:  5    God:
Gold:   207        SH:  5    Dex: 12    Spells: 5/5 levels left

rFire   . . .      SeeInvis .   a - +0 long sword
rCold   . . .      Faith    .   d - +0 buckler
rNeg    . . .      Spirit   .   c - +0 chain mail
rPois   +          Reflect  .   (helmet restricted)
rElec   .          Harm     .   (no cloak)
rCorr   .          Rampage  .   (no gloves)
Will    .....      Clarity  +   (no boots)
Stlth   ..........              (no amulet)
HPRegen 0.97/turn               (no ring)
MPRegen 0.09/turn               (no ring)

@: no status effects
A: horns 2, retaliatory headbutt, clarity, poison resistance, regeneration 1
a: no special abilities


You were on level 4 of the Dungeon.
You visited 1 branch of the dungeon, and saw 4 of its levels.

You collected 207 gold pieces.

Inventory:

Hand Weapons
 a - a +0 long sword (weapon)
Missiles
 o - 2 throwing nets (quivered)
Armour
 b - a +0 scale mail
 c - a +0 chain mail (worn)
 d - a +0 buckler (worn)
Wands
 m - a wand of roots (10)
Scrolls
 f - 2 scrolls of magic mapping {unknown}
 h - a scroll of amnesia {unknown}
 l - a scroll of fear {unknown}
 n - a scroll of teleportation {unknown}
 q - a scroll of identify {unknown}
Potions
 e - 2 potions of mutation
 g - a potion of curing
 i - a potion of heal wounds {unknown}
 j - 2 potions of lignification {unknown}
 k - a potion of might
 p - a potion of resistance {unknown}


   Skills:
 + Level 4.6 Fighting
 + Level 4.6 Long Blades
 + Level 5.2 Armour
 + Level 1.6 Dodging
 + Level 4.6 Shields


You had 5 spell levels left.
You didn't know any spells.
Your spell library contained the following spells:

 Spells                   Type           Power      Damage    Failure   Level
 Corpse Rot               Necr/Pois/Air  0%         N/A       100%        4
 Dispel Undead            Necr           0%         3d6       100%        4
 Death Channel            Necr           0%         N/A       100%        6


Dungeon Overview and Level Annotations

Branches:
Dungeon (4/15)
 Temple: D:4-7

Altars:
Vehumet

Shops:
D:3 [

Annotations:
D:4 Pikel


Innate Abilities, Weirdness & Mutations

You have a pair of horns on your head.
You reflexively headbutt those who attack you in melee.
You possess an exceptional clarity of mind.
Your system is resistant to poisons. (rPois)
Your natural rate of healing is unusually fast.


Message History

You barely miss Pikel. Your headbutt misses Pikel.
Pikel is severely wounded.
Pikel hits you with a +2 whip of freezing.
Pikel freezes you.
You hit Pikel but do no damage.
Pikel is severely wounded.
Pikel hits you with a +2 whip of freezing.
Pikel freezes you.
You hit Pikel but do no damage.
Pikel is severely wounded.
Pikel hits you but does no damage.
You closely miss Pikel.
Pikel is severely wounded.
Pikel hits you with a +2 whip of freezing!
Pikel freezes you.
Pikel hits you with a +2 whip of freezing.
Pikel freezes you.
You completely miss Pikel.
Pikel is severely wounded.
Pikel barely misses you.
You hit Pikel.
Pikel is severely wounded.
Pikel hits you with a +2 whip of freezing.
Pikel freezes you.
You hit Pikel.
Pikel is severely wounded.
Pikel hits you with a +2 whip of freezing.
* * * LOW HITPOINT WARNING * * *
Pikel freezes you.
* * * LOW HITPOINT WARNING * * *
You closely miss Pikel.
Pikel is severely wounded.
Pikel hits you with a +2 whip of freezing.
* * * LOW HITPOINT WARNING * * *
Pikel freezes you.
* * * LOW HITPOINT WARNING * * *
You hit Pikel.
Pikel is severely wounded.
You block Pikel's attack.
Pikel zaps a wand.
Your mind is blasted!
You die...

#. # #..
.....
#.#.####
#.#....
#.#...#
##.....######
#...K@.......
#(...$.......
#............
#.<..........
#.)).........
#...<........
#.......>....
######+######


You could see Pikel.

Vanquished Creatures
  A black bear (D:3)
  4 lemures (D:3)
  A jelly (D:2)
  Terence (D:2)
  Natasha (D:2)
  3 adders
  5 worms (D:2)
  2 dart slugs (D:1)
  7 bats
  5 endoplasms
  A giant cockroach (D:2)
  4 goblins
  5 hobgoblins
  2 jackals (D:1)
  10 kobolds
  2 quokkas
  6 ball pythons
  4 frilled lizards
  3 rats
67 creatures vanquished.

Vanquished Creatures (others)
  A demonic plant (D:2)
1 creature vanquished.

Grand Total: 68 creatures vanquished

Notes
Turn   | Place    | Note
-------+----------+-------------------------------------------
     0 | D:1      | Peloso the Minotaur Fighter began the quest for the Orb.
     0 | D:1      | Reached XP level 1. HP: 19/19 MP: 0/0
   236 | D:1      | Reached XP level 2. HP: 27/27 MP: 1/1
   382 | D:1      | Reached skill level 4 in Armour
   748 | D:1      | Reached XP level 3. HP: 32/33 MP: 2/2
   748 | D:1      | Gained mutation: You have hidden genetic potential. [potion
                  | of mutation]
   748 | D:1      | Gained mutation: Your system is resistant to poisons.
                  | (rPois) [potion of mutation]
  1039 | D:2      | Reached XP level 4. HP: 27/40 MP: 3/3
  1051 | D:2      | Gained mutation: You possess an exceptional clarity of
                  | mind. [hidden potential]
  1258 | D:2      | Found a faded altar of an unknown god.
  1462 | D:2      | Noticed Terence
  1469 | D:2      | Killed Terence
  1693 | D:2      | Reached skill level 1 in Dodging
  1848 | D:2      | Noticed Natasha
  1860 | D:2      | Killed Natasha
  1861 | D:2      | Reached XP level 5. HP: 37/47 MP: 4/4
  1873 | D:2      | Gained mutation: Your natural rate of healing is unusually
                  | fast. [hidden potential]
  1873 | D:2      | Lost mutation: You have hidden genetic potential. [hidden
                  | potential expressed]
  2013 | D:3      | Found a radiant altar of Vehumet.
  2212 | D:3      | Found Tami's Armour Shoppe.
  2424 | D:3      | Noticed a black bear
  2434 | D:3      | Killed a black bear
  2435 | D:3      | Reached skill level 5 in Armour
  2507 | D:3      | Reached XP level 6. HP: 53/53 MP: 5/5
  2770 | D:4      | Noticed Pikel
  3206 | D:4      | Blown up by Pikel

Illustrated notes

Levels and vault maps discovered:
D:1:      sevenhm_arrival_forest_fort_small_3, layout_loops_ring
D:2:      layout_basic, dilly_ecumenical_altar_fadedgnrine,
          nrook_mini_backslash, dreamdust_princess_corridor,
          dreamdust_wishing_well, nicolae_wormholes, uniq_terence, uniq_natasha
D:3:      layout_basic, nicolae_vehumet_altar_sigil, serial_shops, shop
D:4:      layout_basic, mainiacjoe_overflow_six_doors_small, old_standard_altar,
          lemuel_crystal_altar, mainiacjoe_overflow_brackets,
          minmay_temple_entry_fiery, uniq_edmund, uniq_pikel

Skill      XL: |  1  2  3  4  5 |
---------------+----------------+-----
Fighting       | 4 |  4.6
Shields        | 4 |  4.6
Armour         | 4 5 |  5.2
Long Blades    | 3 4 |  4.6
Dodging        | 1 |  1.6

Action                   |  1- 3 |  4- 6 || total
-------------------------+-------+-------++-------
Melee: Long sword        |    64 |   142 ||   206
       Headbutt          |     8 |    21 ||    29
  Use: Potion            |     1 |     2 ||     3
Armor: Scale mail        |    32 |    20 ||    52
       Chain mail        |       |    78 ||    78
Dodge: Dodged            |    41 |    69 ||   110
Block: Buckler           |    17 |    44 ||    61
